Unix NetHack Version 3.7.0-88 Work-in-progress - last build Aug 21 2023 04:08:40 (b68ccb3e4f8f5dcb83e1e40b1ff56e7dffd4cd28,branch:master). Game began 2023-08-30 17:01:47, ended 2023-08-31 16:20:54. horga, neutral female human Priestess --..| --...| -------.-..--- --.......)...`. ... |....---)).-----.... |....| --....--|.... |..<-- -.|..--.@.-- | --- ---...d.... --....- |.....| -....-- .....| .....- -.... Horga the Acolyte St:10 Dx:12 Co:14 In:11 Wi:16 Ch:13 Neutral Dlvl:3 $:35 HP:0(25) Pw:28(28) AC:5 Xp:3/52 T:1780 Latest messages: Something is written here in the dust. You read: "El|ereth". You descend the stairs. The gnome lord wields an uncursed bow! What do you want to write with? [- aipqw-yBH-J or ?*] - You write in the dust with your fingertip. What do you want to write in the dust here? Elbereth The large dog misses the gnome lord. There is a staircase up to level 3 here. Something is written here in the dust. You read: "Elbereth". The gnome lord picks up 4 cursed daggers. The gnome lord shoots 2 arrows! You are hit by the 1st arrow. You are hit by the 2nd arrow. The gnome lord shoots 2 arrows! You are hit by the 1st arrow. The 2nd arrow misses you. You climb up the stairs. Something is written here in the dust. You read: "El|ereth". The gnome lord hurls a cursed sky blue potion! The bottle crashes on your head and breaks into shards. The sky blue potion evaporates. You feel rather tired. You can move again. There is a staircase down to level 4 here. Something is written here in the dust. You read: "El|ereth". What do you want to write with? [- aipqw-yBH-J or ?*] - Do you want to add to the current engraving? [ynq] (y) n You wipe out the message that was written in the dust here. You write in the dust with your fingertip. What do you want to write in the dust here? Elbereth There is a staircase down to level 4 here. Something is written here in the dust. You read: "Elb|redh". What do you want to write with? [- aipqw-yBH-J or ?*] - Do you want to add to the current engraving? [ynq] (y) n You wipe out the message that was written in the dust here. You write in the dust with your fingertip. What do you want to write in the dust here? Elbereth There is a staircase down to level 4 here. Something is written here in the dust. You read: "Elbereth". You are hit by an arrow. You hear the howling of the CwnAnnwn... You are hit by an arrow! You die... Do you want to see the dungeon overview? [ynq] (y) y Inventory: Coins $ - 35 gold pieces Weapons y - 3 uncursed +0 crossbow bolts q - 11 uncursed +1 darts x - 16 uncursed +0 darts w - an uncursed +0 dagger a - a blessed +1 mace (weapon in hand) Armor A - an uncursed +0 pair of iron shoes (being worn) k - a cursed -2 pair of kicking boots c - an uncursed +0 small shield (being worn) D - a blessed +0 dwarvish cloak C - an uncursed +0 dwarvish cloak b - an uncursed +0 robe (being worn) Comestibles e - an uncursed clove of garlic F - an uncursed food ration E - an uncursed melon f - an uncursed sprig of wolfsbane Scrolls l - an uncursed scroll of blank paper s - an uncursed scroll of confuse monster t - 2 uncursed scrolls of identify Spellbooks h - an uncursed spellbook of detect unseen g - an uncursed spellbook of light Potions j - a blessed potion of healing z - an uncursed potion of monster detection u - an uncursed potion of see invisible m - an uncursed potion of sickness d - 4 potions of holy water Wands p - an uncursed wand of light (0:13) Tools i - an uncursed magic marker (0:60) G - an uncursed pair of lenses K - an uncursed wax candle Gems/Stones I - an uncursed aquamarine stone H - a cursed ruby B - 2 uncursed worthless pieces of blue glass J - 2 uncursed worthless pieces of green glass Horga the Priestess's attributes: Background: You were an Acolyte, a level 3 human Priestess. You were neutral, on a mission for The Lady who was opposed by Blind Io (lawful) and Offler (chaotic). You were in the Gnomish Mines, on level 3. You entered the dungeon 1780 turns ago. There was a full moon in effect when your adventure ended. You had 52 experience points, 28 more were needed to attain level 4. Basics: You had 0 out of 25 hit points. You had all 28 energy points (spell power). Your armor class was 5. Your wallet contained 35 zorkmids. Autopickup was on for '$?!/="*' plus thrown, with exceptions. Final Characteristics: Your strength was 10 (limit:18/100). Your dexterity was 12 (limit:18). Your constitution was 14 (limit:18). Your intelligence was 11 (limit:18). Your wisdom was 16 (limit:18). Your charisma was 13 (limit:18). Final Status: You were not hungry. You were unencumbered. You were wielding a mace. You had basic skill with mace. Final Attributes: You were devoutly aligned. You were guarded. You were lucky. You are dead. Miscellaneous: You never encountered a bones level. Total elapsed playing time was 23 minutes and 23 seconds. Major events: Turn 1: horga the neutral human Priestess entered the dungeon 496: entered the Gnomish Mines 1487: attained the rank of Acolyte (level 3) 1780: killed by an arrow Vanquished creatures: a gnome leader 2 gnomish wizards 2 dwarves 2 dwarf zombies an acid blob 3 manes a large kobold 2 giant rats a yellow mold 15 gnomes a garter snake a gnome zombie a gecko 2 jackals a fox 2 kobolds a goblin 5 grid bugs a lichen 6 newts 51 creatures vanquished. No species were genocided or became extinct. Voluntary challenges: You read items or engraved 16 times. You engraved Elbereth 8 times. You never genocided any monsters. You never polymorphed an object. You never changed form. You used no wishes. Achievements: You entered the Gnomish Mines. You entered a shop. You attained the rank of Acolyte. The Dungeons of Doom: levels 1 to 5 Level 1: Level 2: A fountain. Stairs down to The Gnomish Mines. Level 3: A delicatessen, an altar to The Lady. Level 4: "vault" An altar to The Lady, some fountains. Level 5: The Gnomish Mines: levels 3 to 4 Level 3: <- You were here. Final resting place for you, killed by an arrow. Level 4: Game over: ---------- / \ / REST \ / IN \ / PEACE \ / \ | horga | | 35 Au | | killed by an | | arrow | | | | | | 2023 | *| * * * | * _________)/\\_//(\/(/\)/\//\/|_)_______ Goodbye horga the Priestess... You died in The Gnomish Mines on dungeon level 3 with 450 points, and 35 pieces of gold, after 1780 moves. You were level 3 with a maximum of 25 hit points when you died.